 Dungeon Sprint DCSS version 0.30.1-11-g7821555f0a (webtiles) character file.

Game seed: 1089043234078682316

3700000 boopmooplesden the Axe Maniac (level 20, -5/216 HPs)
             Began as a Minotaur Gladiator on Nov 8, 2023.
             Was the Champion of Makhleb.
             Slain by a large bag of meat
             ... wielding a +9 giant spiked club
              (98 damage)
             ... in the Dungeon (Sprint VIII: "Arena of Blood").
             The game lasted 00:02:12 (37 turns).

boopmooplesden the Axe Maniac (Minotaur Gladiator)    Turns: 37, Time: 00:02:14

Health: -5/216     AC:  5    Str: 28    XL:     20   Next: 34%
Magic:  17/32      EV: 23    Int:  5    God:    Makhleb [******]
Gold:   0          SH:  0    Dex: 12    Spells: 37/37 levels left

rFire   . . .        l - +∞ Axe of Woe
rCold   . . .        (shield currently unavailable)
rNeg    . . .        b - +0 leather armour
rPois   .            c - +0 hat
rElec   .            (no cloak)
rCorr   .            (no gloves)
SInv    .            (no boots)
Will    +....        (no amulet)
Stlth   +++++        m - +30 ring of slaying
HPRegen 0.56/turn    n - +30 ring of slaying
MPRegen 0.23/turn

%: no teleportation
@: no status effects
A: horns 2, retaliatory headbutt
a: Renounce Religion, Minor Destruction, Lesser Servant of Makhleb, Major
Destruction, Greater Servant of Makhleb


You were in the Dungeon.
You worshipped Makhleb.
Makhleb was exalted by your worship.
You visited 1 branch

Inventory:

Hand Weapons
 a - a +0 war axe
 l - the +∞ Axe of Woe (weapon)
   (You found it in the Dungeon)
Missiles
 d - 3 throwing nets (quivered)
 e - a javelin
Armour
 b - a +0 leather armour (worn)
 c - a +0 hat (worn)
Jewellery
 m - a +30 ring of slaying (left hand)
 n - a +30 ring of slaying (right hand)
Scrolls
 k - a scroll of blinking
Potions
 f - a potion of curing
 g - a potion of heal wounds
 h - a potion of haste
 i - 2 potions of magic
 j - a potion of berserk rage


   Skills:
 O Level 27 Fighting
 + Level 14.1(16.5) Short Blades
 + Level 15.3(17.9) Long Blades
 O Level 27 Axes
 + Level 15.3(24.4) Maces & Flails
 + Level 15.3(24.4) Polearms
 + Level 15.3(20.1) Staves
 + Level 14.1 Ranged Weapons
 O Level 27 Throwing
 + Level 15.3 Armour
 O Level 27 Dodging
 + Level 12.0 Stealth
 + Level 15.3 Shields
 + Level 14.1 Unarmed Combat
 + Level 9.3 Spellcasting
 + Level 10.1 Conjurations
 + Level 10.4 Hexes
 + Level 10.1 Summonings
 + Level 10.1 Necromancy
 + Level 10.1 Translocations
 + Level 11.0 Transmutations
 + Level 10.1 Fire Magic
 + Level 10.1 Ice Magic
 + Level 10.1 Air Magic
 + Level 11.1 Earth Magic
 + Level 11.3 Poison Magic
 + Level 14.4 Invocations
 + Level 13.3 Evocations


You had 37 spell levels left.
You didn't know any spells.
Your spell library was empty.

Dungeon Overview and Level Annotations

Branches:
Dungeon (1/1)

Altars:
Makhleb


Innate Abilities, Weirdness & Mutations

You have a pair of horns on your head.
You reflexively headbutt those who attack you in melee.


Message History

You hear a shout!
The bag of meat is engulfed in blazing flames. x2
The large bag of meat is engulfed in blazing flames.
A bag of meat comes into view. It is wielding a +9 war axe.
The destroyer gestures at you while chanting.
The destroyer blinks!
You hear a shout!
Your base Short Blades skill increases to level 14!
Your base Long Blades skill increases to level 15!
Your base Maces & Flails skill increases to level 15!
Your base Polearms skill increases to level 15!
Your base Staves skill increases to level 15!
Your Ranged Weapons skill increases to level 14!
Your Armour skill increases to level 15!
Your Stealth skill increases to level 12!
Your Shields skill increases to level 15!
Your Unarmed Combat skill increases to level 14!
Your Spellcasting skill increases to level 9!
Your Conjurations skill increases to level 10!
Your Hexes skill increases to level 10!
Your Summonings skill increases to level 10!
Your Necromancy skill increases to level 10!
Your Translocations skill increases to level 10!
Your Transmutations skill increases to level 11!
Your Fire Magic skill increases to level 10!
Your Ice Magic skill increases to level 10!
Your Air Magic skill increases to level 10!
Your Earth Magic skill increases to level 11!
Your Poison Magic skill increases to level 11!
Your Invocations skill increases to level 14!
Your Evocations skill increases to level 13!
You have reached level 20!
You feel stronger.
The bag of meat attacks as you move away!
The bag of meat barely misses you.
The bag of meat attacks as you move away!
The bag of meat hits you with a +9 war axe!
The large bag of meat attacks as you move away!
The large bag of meat hits you with a +9 giant spiked club!!!! x2
You die...

.#...........o......
..#....o...#.......#
......#..§. #.......#
...#......###.......###.
..........).)).###......
.......#.)).)..._......
.....#oo.§§§.#.....#.
#.V..oO§V).#_.<._#
....#.@V§§§.#.....#
....Voo#o......._......
....oo..O......###......
.oo.o.....###.... ..###.
..O........ #.......#
.oOo........#..... .#
O.o#.............. ..
§.#.#.# ......


You could see 4 destroyers, 2 large bags of meat, 3 meat berserkers and 15 bags
of meat.

Vanquished Creatures
  A vampire knight (D)
  14 ogres (D)
  2 two-headed ogres (D)
  18 orcs (D)
35 creatures vanquished.

Notes
Turn   | Place    | Note
-------+----------+-------------------------------------------
     0 | D        | Found the +∞ Axe of Woe
     0 | D        | boopmooplesden the Minotaur Gladiator began the quest for
                  | the Orb.
     0 | D        | Reached XP level 1. HP: 18/18 MP: 0/0
     4 | D        | Became a worshipper of Makhleb the Destroyer
     5 | D        | Noticed a meat berserker
     7 | D        | Noticed a bag of meat
     7 | D        | Noticed a bag of meat
     7 | D        | Noticed a bag of meat
     7 | D        | Noticed a meat berserker
     8 | D        | Killed a bag of meat
     8 | D        | Noticed a meat berserker
     9 | D        | Reached skill level 10 in Fighting
     9 | D        | Reached XP level 2. HP: 39/39 MP: 1/1
     9 | D        | Reached XP level 3. HP: 46/46 MP: 2/2
     9 | D        | Reached XP level 4. HP: 53/53 MP: 3/3
     9 | D        | Reached XP level 5. HP: 59/59 MP: 4/4
     9 | D        | Reached XP level 6. HP: 67/67 MP: 5/5
     9 | D        | Reached XP level 7. HP: 73/73 MP: 6/6
     9 | D        | Reached XP level 8. HP: 81/81 MP: 7/7
     9 | D        | Reached XP level 9. HP: 86/86 MP: 8/8
     9 | D        | Reached XP level 10. HP: 94/94 MP: 9/9
     9 | D        | Killed a meat berserker
     9 | D        | Reached * piety under Makhleb
     9 | D        | Noticed a bag of meat
    10 | D        | Reached skill level 10 in Throwing
    10 | D        | Reached XP level 11. HP: 108/108 MP: 10/10
    10 | D        | Reached XP level 12. HP: 116/116 MP: 11/11
    10 | D        | Noticed a bag of meat
    11 | D        | Killed a meat berserker
    11 | D        | Killed a bag of meat
    12 | D        | Reached skill level 27 in Axes
    12 | D        | Reached XP level 13. HP: 130/130 MP: 12/12
    12 | D        | Noticed a meat berserker
    12 | D        | Killed a meat berserker
    12 | D        | Reached ** piety under Makhleb
    12 | D        | Noticed a bag of meat
    12 | D        | Noticed a meat berserker
    13 | D        | Reached skill level 15 in Throwing
    13 | D        | Reached skill level 27 in Dodging
    13 | D        | Reached XP level 14. HP: 146/146 MP: 13/13
    13 | D        | Noticed a meat berserker
    13 | D        | Noticed a meat berserker
    13 | D        | Noticed a bag of meat
    13 | D        | Noticed a bag of meat
    14 | D        | Noticed a bag of meat
    15 | D        | Killed a meat berserker
    15 | D        | Killed a bag of meat
    15 | D        | Noticed a meat berserker
    15 | D        | Noticed a meat berserker
    15 | D        | Noticed a bag of meat
    16 | D        | Reached XP level 15. HP: 168/168 MP: 14/14
    16 | D        | Noticed a meat berserker
    17 | D        | Reached *** piety under Makhleb
    17 | D        | Killed a meat berserker
    18 | D        | Reached skill level 27 in Fighting
    18 | D        | Killed a meat berserker
    18 | D        | Killed a meat berserker
    18 | D        | Reached **** piety under Makhleb
    19 | D        | Reached skill level 27 in Throwing
    19 | D        | Reached XP level 16. HP: 183/183 MP: 15/15
    19 | D        | Killed a meat berserker
    19 | D        | Noticed a meat berserker
    20 | D        | Reached skill level 5 in Short Blades
    20 | D        | Reached skill level 5 in Long Blades
    20 | D        | Reached skill level 5 in Maces & Flails
    20 | D        | Reached skill level 5 in Polearms
    20 | D        | Reached skill level 5 in Staves
    20 | D        | Reached skill level 5 in Ranged Weapons
    20 | D        | Reached skill level 5 in Armour
    20 | D        | Reached skill level 5 in Shields
    20 | D        | Reached skill level 5 in Unarmed Combat
    20 | D        | Reached skill level 5 in Invocations
    20 | D        | Killed a meat berserker
    20 | D        | Reached ***** piety under Makhleb
    20 | D        | Noticed a meat berserker
    20 | D        | Noticed a meat berserker
    20 | D        | Noticed a large bag of meat
    21 | D        | Reached skill level 5 in Stealth
    21 | D        | Reached skill level 5 in Hexes
    21 | D        | Reached skill level 5 in Transmutations
    21 | D        | Reached skill level 5 in Earth Magic
    21 | D        | Reached skill level 5 in Poison Magic
    21 | D        | Reached XP level 17. HP: 191/191 MP: 15/22
    22 | D        | Reached skill level 5 in Conjurations
    22 | D        | Reached skill level 5 in Summonings
    22 | D        | Reached skill level 5 in Necromancy
    22 | D        | Reached skill level 5 in Translocations
    22 | D        | Reached skill level 5 in Fire Magic
    22 | D        | Reached skill level 5 in Ice Magic
    22 | D        | Reached skill level 5 in Air Magic
    22 | D        | Killed a meat berserker
    22 | D        | Killed a meat berserker
    23 | D        | Reached skill level 5 in Spellcasting
    23 | D        | Reached XP level 18. HP: 200/200 MP: 15/25
    25 | D        | Noticed a destroyer
    25 | D        | Killed a destroyer
    25 | D        | Reached ****** piety under Makhleb
    25 | D        | Noticed a meat berserker
    26 | D        | Reached skill level 10 in Short Blades
    26 | D        | Reached skill level 10 in Ranged Weapons
    26 | D        | Reached skill level 10 in Unarmed Combat
    26 | D        | Reached skill level 10 in Invocations
    27 | D        | Killed a meat berserker
    27 | D        | Noticed a large bag of meat
    28 | D        | Reached skill level 10 in Evocations
    28 | D        | Killed a meat berserker
    28 | D        | Noticed a large bag of meat
    29 | D        | Reached XP level 19. HP: 207/207 MP: 16/29
    29 | D        | Noticed a destroyer
    30 | D        | Reached skill level 10 in Stealth
    31 | D        | Killed a large bag of meat
    32 | D        | Reached skill level 10 in Transmutations
    32 | D        | Reached skill level 10 in Earth Magic
    32 | D        | Reached skill level 10 in Poison Magic
    32 | D        | Noticed a large bag of meat
    33 | D        | Killed a meat berserker
    33 | D        | Noticed a destroyer
    33 | D        | Noticed a destroyer
    34 | D        | Noticed a destroyer
    34 | D        | Noticed a meat berserker
    35 | D        | Noticed a meat berserker
    35 | D        | Noticed a meat berserker
    36 | D        | Killed a large bag of meat
    37 | D        | Reached skill level 15 in Long Blades
    37 | D        | Reached skill level 15 in Maces & Flails
    37 | D        | Reached skill level 15 in Polearms
    37 | D        | Reached skill level 15 in Staves
    37 | D        | Reached skill level 15 in Armour
    37 | D        | Reached skill level 15 in Shields
    37 | D        | Reached skill level 10 in Conjurations
    37 | D        | Reached skill level 10 in Hexes
    37 | D        | Reached skill level 10 in Summonings
    37 | D        | Reached skill level 10 in Necromancy
    37 | D        | Reached skill level 10 in Translocations
    37 | D        | Reached skill level 10 in Fire Magic
    37 | D        | Reached skill level 10 in Ice Magic
    37 | D        | Reached skill level 10 in Air Magic
    37 | D        | Reached XP level 20. HP: 181/216 MP: 17/32
    37 | D        | Slain by a large bag of meat

Illustrated notes

Levels and vault maps discovered:
D:        meatsprint

Skill      XL: |  1  2  3  4  5  6  7  8  9 10 11 12 13 14 15 16 17 18 19 |
---------------+----------------------------------------------------------+-----
Fighting       | 10 13 16 19 24 27 | 27.0
Axes           | 19 24 27 | 27.0
Throwing       | 8 10 13 15 19 27 | 27.0
Dodging        | 17 21 25 27 | 27.0
Short Blades   | 7 8 11 14 | 14.1
Long Blades    | 7 9 12 15 | 15.3
Maces & Flails | 7 9 12 15 | 15.3
Polearms       | 7 9 12 15 | 15.3
Staves         | 7 9 12 15 | 15.3
Ranged Weapons | 7 8 11 14 | 14.1
Armour         | 7 9 12 15 | 15.3
Stealth        | 5 7 9 12 | 12.0
Shields        | 7 9 12 15 | 15.3
Unarmed Combat | 7 8 11 14 | 14.1
Spellcasting   | 4 5 7 9 |  9.3
Conjurations   | 4 6 8 10 | 10.1
Hexes          | 5 6 8 10 | 10.4
Summonings     | 4 6 8 10 | 10.1
Necromancy     | 4 6 8 10 | 10.1
Translocations | 4 6 8 10 | 10.1
Transmutations | 5 6 9 11 | 11.0
Fire Magic     | 4 6 8 10 | 10.1
Ice Magic      | 4 6 8 10 | 10.1
Air Magic      | 4 6 8 10 | 10.1
Earth Magic    | 5 6 9 11 | 11.1
Poison Magic   | 5 6 9 11 | 11.3
Invocations    | 7 9 12 14 | 14.4
Evocations     | 6 8 11 13 | 13.3

Action                     |  1- 3 |  4- 6 |  7- 9 | 10-12 | 13-15 | 16-18 | 19-21 || total
---------------------------+-------+-------+-------+-------+-------+-------+-------++-------
  Melee: Executioner's axe |     1 |       |       |     2 |     4 |     7 |     5 ||    19
  Dodge: Dodged            |       |       |       |       |       |       |     2 ||     2
